 Dungeon Crawl Stone Soup version 0.26.1-10-gdfb7c7de75 (webtiles) character file.

Game seed: 14053209106882032047

113 DearestLeader the Chiller (level 4, -1/30 HPs)
             Began as a Merfolk Ice Elementalist on Apr 8, 2021.
             Splashed by Ijyb's acid (15 damage)
             ... on level 3 of the Dungeon.
             The game lasted 00:05:10 (2795 turns).

DearestLeader the Chiller (MfIE)                    Turns: 2795, Time: 00:05:11

Health: -1/30      AC:  6    Str:  8    XL:     4   Next: 96%
Magic:  13/16      EV: 16    Int: 15    God:
Gold:   70         SH:  0    Dex: 14    Spells: 0/7 levels left

rFire    . . .     SeeInvis .   s - +1 trident
rCold    . . .     Faith    .   (no shield)
rNeg     . . .     Spirit   .   y - +0 leather armour {rPois}
rPois    +         Reflect  .   v - +0 helmet
rElec    .         Harm     .   b - +0 cloak
rCorr    .         Rampage  .   f - +0 pair of gloves
Will     .....                  (no boots)
Stlth    ++........             (no amulet)
HPRegen  0.10/turn              m - +4 ring of evasion
MPRegen  0.15/turn              q - ring of magical power

@: frozen ramparts
A: change form in water, swift swim, stealthy swim
a: no special abilities


You were on level 3 of the Dungeon.
You visited 1 branch of the dungeon, and saw 3 of its levels.

You collected 70 gold pieces.

Inventory:

Hand Weapons
 s - a +1 trident (weapon)
 x - a +4 quarterstaff of chaos
Missiles
 j - 34 poisoned darts (quivered)
 u - 14 sling bullets
Armour
 b - a +0 cloak (worn)
 f - a +0 pair of gloves (worn)
 v - a +0 helmet (worn)
 y - a +0 leather armour of poison resistance (worn)
Jewellery
 m - a +4 ring of evasion (left hand)
 q - a ring of magical power (right hand)
Wands
 t - a wand of iceblast (7)
Scrolls
 d - a scroll of remove curse {unknown}
 i - a scroll of enchant weapon
 k - 3 scrolls of identify {unknown}
 o - 2 scrolls of teleportation {unknown}
 r - 2 scrolls of enchant armour {unknown}
 w - a scroll of fear {unknown}
Potions
 c - a potion of degeneration {unknown}
 e - 2 potions of lignification {unknown}
 h - a potion of brilliance {unknown}
 l - 2 potions of attraction {unknown}
 n - 2 potions of haste {unknown}
 p - 2 potions of curing {unknown}


   Skills:
 * Level 2.9 Polearms
 - Level 2.6 Dodging
 - Level 2.1 Stealth
 - Level 2.0 Spellcasting
 + Level 6.2 Ice Magic


You couldn't memorise any spells.
You knew the following spells:

 Your Spells              Type           Power        Failure   Level
a - Freeze                Ice            80%          2%          1
b - Frozen Ramparts       Ice            40%          8%          3
c - Ozocubu's Armour      Ice            20%          8%          3

Your spell library contained the following spells:

 Spells                   Type           Power        Failure   Level
 Hailstorm                Conj/Ice       10%          65%         4
 Summon Ice Beast         Ice/Summ       10%          65%         4


Dungeon Overview and Level Annotations

Branches:
Dungeon (3/15)

Altars:
Kikubaaqudgha

Annotations:
D:3 Ijyb


Message History

Confirm with . or Enter, or press ? or * to list all spells.
Okay, then.
Ijyb misses you.
Ijyb zaps a wand.
The bolt of acid misses you. Ijyb screams, "Me kill you!"
Casting: Ozocubu's Armour (quite dangerous; 8% risk of failure)
Confirm with . or Enter, or press ? or * to list all spells.
The spell is quite dangerous to cast (8% risk of failure)!
Continue anyway?
Okay, then.
Casting: Frozen Ramparts (quite dangerous; 8% risk of failure)
Confirm with . or Enter, or press ? or * to list all spells.
The spell is quite dangerous to cast (8% risk of failure)!
Continue anyway?
Casting: Frozen Ramparts (quite dangerous; 8% risk of failure)
Press: ? - help, Dir - look around, f - activate The walls around you are covered in ice.
The wall freezes Ijyb.
Ijyb zaps a wand.
The bolt of acid hits you!
Ouch! That really hurt!
You are splashed with acid!
Ouch! That really hurt!
You die...

.# #. #.## #.#......#
.# #.#+#..# #.#......#
.# #......# #.#......#
.# #......###.#......+
.# #.......##.#......#
.#
#.....#.##.#......##
.#
#..<..#....#.........
.#
#.....#.##.#g##+##....
###.#........#.#@#
....
....#.##..#..#.#.#
#### <.....
#..#....#.. ######
#..###..#### #..###..#
#......># ##.###.##
#.# #.# #.# #.#


You could see Ijyb.

Vanquished Creatures
  Crazy Yiuf (D:3)
  3 adders (D:2)
  2 worms (D:3)
  A dart slug (D:1)
  5 orcs (D:3)
  7 bats
  2 giant cockroaches
  3 goblins
  6 hobgoblins
  2 jackals (D:2)
  A ball python (D:3)
  2 frilled lizards
  5 kobolds
  5 rats
45 creatures vanquished.

Notes
Turn   | Place    | Note
-------+----------+-------------------------------------------
     0 | D:1      | DearestLeader the Merfolk Ice Elementalist began the quest
                  | for the Orb.
     0 | D:1      | Reached XP level 1. HP: 13/13 MP: 3/3
   284 | D:1      | Reached XP level 2. HP: 19/19 MP: 0/5
   397 | D:1      | Reached skill level 5 in Ice Magic
  1085 | D:2      | Reached XP level 3. HP: 24/24 MP: 1/6
  1089 | D:2      | Learned a level 3 spell: Frozen Ramparts
  1387 | D:2      | Reached skill level 6 in Ice Magic
  1644 | D:2      | Found an ancient bone altar of Kikubaaqudgha.
  1741 | D:2      | Reached XP level 4. HP: 30/30 MP: 7/7
  1950 | D:2      | Learned a level 3 spell: Ozocubu's Armour
  2083 | D:3      | Reached skill level 1 in Polearms
  2214 | D:3      | Found a runed translucent door.
  2215 | D:3      | Noticed Crazy Yiuf
  2269 | D:3      | Killed Crazy Yiuf
  2787 | D:3      | Noticed Ijyb
  2795 | D:3      | Splashed by Ijyb's acid

Illustrated notes

Levels and vault maps discovered:
D:1:      minmay_arrival_statue_studded, layout_basic, kennysheep_doodads
D:2:      layout_basic, kiku_gazebo_pond_becter, serial_glass, glass_columns_c,
          glass_columns_a, glass_columns_b, glass_columns_c, glass_columns_c,
          glass_columns_c, minmay_strange_pillars, minmay_misc_feat_pillars,
          grunt_ministairs_13
D:3:      layout_basic, cheibriados_altar_2, uniq_crazy_yiuf_cottage, uniq_ijyb

Skill      XL: |  1  2  3  4 |
---------------+-------------+-----
Ice Magic      | 5 6 |  6.2
Polearms       | 2 |  2.9
Dodging        | |  2.6
Stealth        | |  2.1
Spellcasting   | |  2.0

Action                   |  1- 3 |  4- 6 || total
-------------------------+-------+-------++-------
Melee: Whip              |    23 |       ||    23
       Trident           |     2 |    62 ||    64
Throw: Dart              |     5 |       ||     5
 Cast: Freeze            |    28 |     6 ||    34
       Frozen Ramparts   |     4 |     3 ||     7
       Ozocubu's Armour  |       |     1 ||     1
  Use: Scroll            |     3 |       ||     3
 Stab: Sleeping          |     3 |     3 ||     6
Armor: Robe              |     8 |     4 ||    12
       Leather armour    |       |     2 ||     2
Dodge: Dodged            |    35 |    57 ||    92
